Map: 킹스 코브 - 래더

Players

Namshar

  • Race: Zerg Zerg
  • Spawn Location: 5:00

sOs - Winner!

  • Race: Protoss Protoss
  • Spawn Location: 11:00

Event: IEM Season 13: Katowice (2019)

VOD

Have the link to the VOD?

Description

Time

  • Played on: Feb. 25, 2019, 6:21 a.m.
  • Length: 9:42

All games in this series

Show
View Real Time Build Order
Export as new Build Order

Namshar Zerg 

Build Orders: Hatch First 

Get SALT Encoding   

  12  0:00  Drone  
  13  0:12  Overlord  
  13  0:17  Drone  
  14  0:31  Drone x2  
  16  0:49  Hatchery  
  15  0:53  Drone  
  15  0:56  Drone  
  17  0:59  Drone  
  18  1:10  Extractor  
  17  1:15  Spawning Pool  
  17  1:18  Drone  
  17  1:22  Drone  
  18  1:29  Drone  
  19  1:39  Drone  
  20  1:51  Overlord  
  20  2:03  Queen x2  
  20  2:06  Zergling x4  
  26  2:12  Drone x2  
  26  2:15  Metabolic Boost  
  28  2:22  Drone  
  29  2:23  Drone  
  30  2:32  Drone  
  30  2:33  Drone  
  31  2:53  Queen  
  31  2:54  Overlord  
  31  2:56  Drone x2  
  35  3:07  Extractor  
  35  3:10  Drone  
  35  3:11  Drone, Roach Warren  
  34  3:16  Hatchery  
  34  3:18  Zergling x2  
  34  3:21  Zergling x2  
  34  3:25  Spore Crawler  
  34  3:29  Spore Crawler  
  34  3:33  Drone  
  34  3:38  Overlord x2  
  36  3:49  Extractor  
  36  3:51  Drone  
  36  3:56  Drone x3  
  36  4:00  Drone  
  36  4:01  Drone x2  
  42  4:03  Overlord  
  42  4:04  Roach  
  42  4:05  Roach  
  46  4:12  Roach x2  
  46  4:14  Roach  
  52  4:20  Overlord  
  52  4:27  Roach x2  
  55  4:31  Lair  
  55  4:36  Roach  
  55  4:37  Roach  
  59  4:43  Zergling x2  
  59  4:44  Zergling x6  
  63  4:46  Zergling x2  
  64  4:59  Zergling x14  
  70  5:11  Zergling x2  
  70  5:12  Overlord x2  
  71  5:20  Zergling x10  
  73  5:26  Zergling x2  
  74  5:29  Overlord x2  
  74  5:32  Glial Reconstitution  
  74  5:45  Ravager x3  
  74  5:47  Zergling x12  
  83  5:51  Ravager  
  77  6:14  Ravager, Drone x8  
  77  6:15  Drone  
  83  6:23  Zergling x2  
  81  6:29  Roach, Zergling x6  
  77  6:38  Drone x3  
  77  6:41  Drone  
  77  6:46  Drone  
  79  7:00  Roach  
  79  7:01  Roach x4  
  89  7:05  Extractor  
  89  7:07  Roach, Zergling x4  
  89  7:19  Roach, Zergling x2  
  89  7:20  Zergling x4  
  88  7:23  Drone  
  88  7:24  Drone  
  90  7:30  Drone x2  
  92  7:43  Drone x3  
  92  7:44  Drone  
  96  7:45  Ravager  
  96  7:48  Roach x3, Zergling x2  
  96  7:49  Zergling x2  
  100  8:06  Zergling x2  
  100  8:07  Zergling x8  
  100  8:11  Overlord x2  
  105  8:19  Evolution Chamber  
  104  8:20  Ravager  
  104  8:26  Overlord x2  
  105  8:29  Queen  
  105  8:31  Ravager x3  
  105  8:32  Zergling x12  
  116  8:37  Zergling x6  
  116  8:40  Ravager  
  104  8:53  Roach x6  
  110  8:57  Roach  
  110  8:58  Zergling x2  
  111  9:06  Roach x3  
  115  9:21  Roach  
  115  9:22  Roach x3  
Show
View Real Time Build Order
Export as new Build Order

sOs Protoss - Winner!

Build Orders: 1 Gate Expand, Archon Immortal 

Get SALT Encoding   

  12  0:00  Probe  
  13  0:12  Probe  
  14  0:19  Pylon  
  14  0:24  Probe  
  15  0:33  Probe  
  15  0:38  Gateway  
  15  0:41  Probe  
  16  0:48  Assimilator  
  17  0:51  Probe  
  18  1:03  Probe  
  19  1:15  Probe  
  20  1:26  Nexus  
  20  1:36  Cybernetics Core  
  20  1:38  Probe  
  21  1:46  Assimilator  
  21  1:50  Probe  
  22  1:55  Pylon  
  22  2:02  Probe  
  22  2:03  Adept  
  23  2:14  Probe  
  26  2:23  Warp Gate  
  26  2:26  Probe  
  27  2:33  Stalker  
  27  2:35  Twilight Council, Probe  
  29  2:40  Probe  
  31  2:48  Probe  
  31  2:50  Pylon  
  31  2:57  Probe  
  33  3:02  Probe  
  33  3:03  Adept  
  36  3:10  Probe  
  36  3:11  Resonating Glaives  
  37  3:19  Probe  
  38  3:22  Probe  
  39  3:34  Probe  
  40  3:35  Gateway, Probe  
  40  3:36  Adept  
  40  3:39  Gateway  
  43  3:42  Pylon  
  43  3:48  Probe  
  43  3:52  Probe  
  45  3:56  Robotics Facility  
  45  3:57  Probe  
  45  4:00  Probe  
  46  4:05  Probe  
  46  4:06  Pylon  
  46  4:08  Probe, Assimilator  
  48  4:14  Adept  
  48  4:16  Probe  
  51  4:20  Probe, Assimilator  
  51  4:22  Forge  
  53  4:25  Pylon  
  53  4:34  Adept x3  
  53  4:36  Warp Prism  
  53  4:37  Pylon  
  59  4:41  Probe  
  62  4:48  Probe  
  62  4:57  Sentry x3  
  62  4:58  Protoss Ground Weapons Level 1  
  68  5:08  Immortal  
  66  5:25  Shield Battery  
  66  5:31  Sentry  
  66  5:32  Shield Battery  
  66  5:33  Adept, Pylon  
  66  5:34  Adept  
  72  5:37  Immortal  
  72  5:38  Gateway  
  72  5:39  Gateway  
  72  5:42  Shield Battery  
  75  6:13  Adept  
  75  6:14  Adept  
  75  6:15  Adept  
  73  6:18  Immortal  
  73  6:26  Protoss Ground Weapons Level 2  
  75  6:34  Pylon  
  75  6:36  Pylon  
  75  6:39  Probe x2, Charge  
  77  7:00  Adept x5  
  87  7:03  Pylon  
  91  7:08  Immortal  
  91  7:11  Pylon  
  91  7:18  Probe  
  91  7:19  Probe  
  85  7:29  Nexus  
  85  7:32  Templar Archives  
  85  7:34  Gateway  
  85  7:35  Gateway  
  85  7:48  Zealot  
  85  7:49  Zealot x3  
  93  7:54  Zealot  
  95  8:09  High Templar  
  95  8:10  High Templar x3  
  95  8:12  Pylon  
  103  8:16  High Templar  
  103  8:18  Gateway  
  105  8:20  Observer  
  105  8:22  Archon x2  
  105  8:25  Pylon, Probe x2  
  107  8:30  High Templar  
  107  8:32  Zealot  
  112  8:34  Archon  
  112  8:38  Probe x2  
  112  8:39  Pylon  
  104  8:49  Sentry  
  104  8:50  Zealot x4  
  110  8:57  Immortal  
  114  9:09  Zealot x2  
  118  9:10  Zealot x2  
  118  9:11  Zealot x2  
  118  9:27  Zealot x2  

Tags
 
Add a new tag
Caveats
  • Supply blocks, unpowered buildings, or Contaminate may cause inaccurate times.
  • Supply counts are checked every 10 seconds.